 Dungeon Crawl Stone Soup version 0.27-a0-1500-g450c7e4133 (webtiles) character file.

Game seed: 17910105015007487454

52 lessens the Shooter (level 3, 0/21 HPs)
             Began as a Tengu Hunter on July 7, 2021.
             Slain by an adder (2 damage)
             ... on level 2 of the Dungeon.
             The game lasted 00:01:54 (1671 turns).

lessens the Shooter (Tengu Hunter)                  Turns: 1671, Time: 00:01:54

Health: 0/21       AC:  3    Str: 13    XL:     3   Next: 85%
Magic:  4/4        EV: 12    Int: 11    God:
Gold:   36         SH:  0    Dex: 14    Spells: 2/2 levels left

rFire    . . .     SeeInvis .   a - +1 shortbow
rCold    . . .     Faith    .   (shield currently unavailable)
rNeg     . . .     Spirit   .   c - +0 leather armour
rPois    .         Reflect  .   (helmet restricted)
rElec    .         Harm     .   (no cloak)
rCorr    .         Rampage  .   (no gloves)
Will     .....                  (boots unavailable)
Stlth    +.........             (no amulet)
HPRegen  0.07/turn              (no ring)
MPRegen  0.09/turn              (no ring)

@: mighty, lethally poisoned (0 -> -6)
A: beak, talons 3
a: no special abilities


You were on level 2 of the Dungeon.
You visited 1 branch of the dungeon, and saw 2 of its levels.

You collected 36 gold pieces.

Inventory:

Hand Weapons
 a - a +1 shortbow (weapon)
 b - a +0 short sword
Missiles
 d - 40 arrows (quivered ammo)
 e - 44 stones
Armour
 c - a +0 leather armour (worn)
 f - a +0 cloak
Scrolls
 h - a scroll of teleportation {unknown}
Potions
 i - a potion of degeneration {unknown}
 j - a potion of curing {unknown}
 k - a potion of heal wounds {unknown}
 l - a potion of haste {unknown}
 m - a potion of lignification {unknown}


   Skills:
 - Level 2.0 Fighting
 + Level 5.9 Bows
 - Level 2.1 Dodging
 - Level 1.0 Stealth


You had 2 spell levels left.
You didn't know any spells.
Your spell library was empty.

Dungeon Overview and Level Annotations

Branches:
Dungeon (2/15)

Altars:


Innate Abilities, Weirdness & Mutations

You have a beak for a mouth.
You have claws for feet.


Message History

Fire: 45 arrows
Press: ? - help, Q - select action, (/) - cycle Shift-Dir - straight line, f/p - adder
Aim: an adder (lightly wounded, 46% to hit)
You shoot an arrow. The arrow hits the adder.
The adder is moderately wounded.
The adder closely misses you.
Fire: 44 arrows
Press: ? - help, Q - select action, (/) - cycle Shift-Dir - straight line, f/p - adder
Aim: an adder (moderately wounded, 46% to hit)
You shoot an arrow. The arrow hits the adder.
The adder is severely wounded.
The adder closely misses you.
Fire: 43 arrows
Press: ? - help, Q - select action, (/) - cycle Shift-Dir - straight line, f/p - adder
Aim: an adder (severely wounded, 46% to hit)
You shoot an arrow. The arrow closely misses the adder.
The adder barely misses you.
Fire: 42 arrows
Press: ? - help, Q - select action, (/) - cycle Shift-Dir - straight line, f/p - adder
Aim: an adder (severely wounded, 46% to hit)
You shoot an arrow.
The arrow hits the adder but does no damage.
The adder is severely wounded.
The adder bites you.
You are poisoned.
The adder poisons you! The adder bites you but does no damage.
Fire: 41 arrows
Press: ? - help, Q - select action, (/) - cycle Shift-Dir - straight line, f/p - adder
Aim: an adder (severely wounded, 46% to hit)
You shoot an arrow. The arrow misses the adder.
* * * LOW HITPOINT WARNING * * *
You feel sick. The adder bites you.
* * * LOW HITPOINT WARNING * * *
You are more poisoned.
The adder poisons you!
It was a potion of might.
You feel very mighty all of a sudden.
* * * LOW HITPOINT WARNING * * *
You feel sick. The adder bites you.
You die...

##### ...$...
#...# .......
#.#.# .......
#.#.# .......
#.#.# .......
#.#.# .......
#.#.#######.......
#.#....@S(....(...
#.########........
#...#....#........
###.#.##.#........
#.#.#<.#.......$
#.#.#.##........
#.#.##.#........
#.#....#........
##.####.#


You could see an adder.

Vanquished Creatures
  An adder (D:2)
  2 dart slugs (D:1)
  6 bats
  3 endoplasms (D:1)
  A giant cockroach (D:1)
  2 goblins
  4 hobgoblins
  6 jackals
  A quokka (D:1)
  A frilled lizard (D:1)
  4 kobolds (D:1)
  3 rats
34 creatures vanquished.

Notes
Turn   | Place    | Note
-------+----------+-------------------------------------------
     0 | D:1      | lessens the Tengu Hunter began the quest for the Orb.
     0 | D:1      | Reached XP level 1. HP: 12/12 MP: 2/2
   342 | D:1      | Reached XP level 2. HP: 17/17 MP: 3/3
   466 | D:1      | Reached skill level 5 in Bows
   854 | D:1      | Reached XP level 3. HP: 8/21 MP: 4/4
  1357 | D:1      | Found a faded altar of an unknown god.
  1671 | D:2      | Slain by an adder

Illustrated notes

Levels and vault maps discovered:
D:1:      lightli_arrival_boilingwater, layout_basic,
          dreamdust_ecumenical_altar_hidden_monk_grotto, kennysheep_small_spiral
D:2:      layout_basic

Skill      XL: |  1  2 |
---------------+-------+-----
Bows           | 5 |  5.9
Fighting       | |  2.0
Dodging        | |  2.1
Stealth        | |  1.0

Action                   || total
-------------------------++-------
Melee: Short sword       ||    48
       Peck              ||     6
       Kick              ||    10
 Fire: Shortbow          ||    44
  Use: Potion            ||     1
 Stab: Sleeping          ||     2
Armor: Leather armour    ||    21
Dodge: Dodged            ||    46

Table legend: (Time is in decaauts)
 A = Elapsed time spent in this place.
 B = Non-inter-level travel time spent in this place.
 C = Inter-level travel time spent in this place.
 D = Time resting spent in this place.
 E = Time spent auto-exploring this place.
 F = Levels seen in this place.
 G = Mean time per level.
                   A        B        C        D        E       F      G
               +--------+--------+--------+--------+--------+-----+--------+
         Total |   1678 |   1596 |     82 |      0 |   1391 |   2 |  839.0 |
       Dungeon |   1678 |   1596 |     82 |      0 |   1391 |   2 |  839.0 |
               +--------+--------+--------+--------+--------+-----+--------+

Top non-repeatable levels by time:
     D:1: 1570 daAuts
     D:2: 108 daAuts
